 Dungeon Crawl Stone Soup version 0.29-a0-330-g52719c12eb (webtiles) character file.

Game seed: 11158041037821208647

1434 Alarak the Cleaver (level 8, 0/61 (64) HPs)
             Began as a Hill Orc Monk on Apr 20, 2022.
             Was a Believer of Beogh.
             Slain by a wight
             ... wielding a +0 great sword
              (1 damage)
             ... on level 6 of the Dungeon on Apr 21, 2022.
             The game lasted 00:12:15 (5090 turns).

Alarak the Cleaver (Hill Orc Monk)                  Turns: 5090, Time: 00:12:16

HP:   0/61 (64)     AC: 11    Str: 16    XL:     8   Next: 73%
MP:   8/8           EV:  7    Int: 10    God:    Beogh [**....]
Gold: 273           SH:  0    Dex: 13    Spells: 7/7 levels left

rFire   + . .      SeeInvis .   t - +2 whip (elec)
rCold   . . .      Faith    .   (no shield)
rNeg    . . .      Spirit   .   g - +1 chain mail
rPois   .          Reflect  .   j - +2 hat
rElec   .          Harm     .   (no cloak)
rCorr   .          Rampage  .   (no gloves)
Will    .....                   (no boots)
Stlth   ..........              (no amulet)
HPRegen 0.20/turn               i - ring of protection from fire
MPRegen 0.11/turn               (no ring)

@: about to teleport, lightly drained
A: no striking features
a: Renounce Religion, Smiting


You were on level 6 of the Dungeon.
You worshipped Beogh.
Beogh was pleased with you.
You visited 1 branch of the dungeon, and saw 6 of its levels.

You collected 273 gold pieces.

Inventory:

Hand Weapons
 a - a +0 hand axe
 t - a +2 whip of electrocution (weapon)
Armour
 b - a +0 robe
 g - a +1 chain mail (worn)
 j - a +2 hat (worn)
 p - +0 steam dragon scales
Jewellery
 i - a ring of protection from fire (left hand)
 k - a ring of ice
 s - a ring of resist corrosion
 v - a ring of poison resistance
Scrolls
 e - 5 scrolls of teleportation
 n - 2 scrolls of identify
 o - a scroll of blinking
 q - a scroll of enchant weapon
Potions
 c - a potion of ambrosia
 d - a potion of flight
 f - 4 potions of lignification
 h - 2 potions of heal wounds
 l - a potion of degeneration
 m - a potion of haste
 r - a potion of attraction
 u - a potion of curing


   Skills:
 - Level 3.6 Fighting
 + Level 14.0 Axes
 - Level 2.4 Dodging
 - Level 1.5 Stealth


You had 7 spell levels left.
You didn't know any spells.
Your spell library was empty.

Dungeon Overview and Level Annotations

Branches:
Dungeon (6/15)
 Temple: D:4-7

Altars:
Ashenzari
Cheibriados
Qazlal
Uskayaw
Vehumet
Xom


Message History

A wight comes into view. It is wielding a +1 great sword.
Found a brass wand.
You hit the wight.
The wight is moderately damaged.
The wight hits you with a +0 war axe.
The wight hits you with a +0 great sword!
You barely miss the wight.
The wight is moderately damaged.
The wight closely misses you.
The wight hits you with a +0 great sword!
You feel drained.
You hit the wight but do no damage. Lightning courses through the wight!
You destroy the wight!
Beogh accepts your kill. The wight hits you with a +0 war axe.
You feel drained.
You barely miss the wight. You hit the wight.
Lightning courses through the wight!!
You destroy the wight!
Beogh accepts your kill. The wight hits you with a +0 war axe!
Your life force feels restored.
Your Axes skill increases to level 14!
You are too injured to fight recklessly!
Okay, then.
The wight attacks as you move away! The wight closely misses you.
You see here 8 gold pieces.
You closely miss the wight. The wight barely misses you.
The wight hits you with a +0 war axe.
You feel drained.
You hit the wight but do no damage.
As you read the scroll of teleportation, it crumbles to dust.
You feel strangely unstable.
The wight hits you with a +0 great sword!
* * * LOW HITPOINT WARNING * * *
The wight hits you with a +0 war axe.
* * * LOW HITPOINT WARNING * * *
The wight attacks as you move away!
The wight hits you with a +0 great sword!
* * * LOW HITPOINT WARNING * * *
You feel drained.
You die...

#
#.§§....≈.................#
#.≈≈≈§≈§§≈≈.##.###.###.##.#.
/§.§§..≈.##.# #..........
§≈.§≈§.≈.##)# #####.##.#.
.§§._§.§.##.# #####.##.#.
.§§≈≈§§≈.##.# #..........
.§§§...≈.##.###.###.##.#.
≈§§≈≈≈≈≈.................
.§....zz@##.#.#.###.##.#.
.......z..._..#.# #.# #
...###.####.###.# #.# .. #.
........ ... ^. .##.###.#
### ...? #.# #.# .... ...
... #....


You could see 3 wights.

Vanquished Creatures
  Sigmund (D:5)
  A steam dragon (D:5)
  Edmund (D:5)
  A black bear (D:6)
  An ice beast (D:3)
  The ghost of soark the Conjurer, an amateur DECj (D:3)
  A bullfrog (D:6)
  A scorpion (D:5)
  2 wights (D:6)
  A howler monkey (D:5)
  A jelly (D:5)
  An orc priest (D:4)
  5 hounds
  An iguana (D:5)
  3 orc wizards (D:6)
  4 gnolls
  8 adders
  A white imp (D:5)
  An ufetubus (D:5)
  A worm (D:4)
  3 dart slugs
  14 orcs
  5 ball pythons
  2 endoplasms
  2 giant cockroaches
  5 goblins
  6 hobgoblins
  8 jackals (D:1)
  7 kobolds
  4 quokkas
  3 bats (D:2)
  5 frilled lizards
  2 rats
103 creatures vanquished.

Vanquished Creatures (others)
  An endoplasm (D:4)
  A hobgoblin (D:4)
  2 kobolds (D:4)
4 creatures vanquished.

Grand Total: 107 creatures vanquished

Notes
Turn   | Place    | Note
-------+----------+-------------------------------------------
     0 | D:1      | Alarak the Hill Orc Monk began the quest for the Orb.
     0 | D:1      | Reached XP level 1. HP: 19/19 MP: 1/1
   107 | D:1      | Reached XP level 2. HP: 19/26 MP: 2/2
   198 | D:1      | Reached skill level 5 in Axes
   424 | D:1      | Reached XP level 3. HP: 22/31 MP: 3/3
  1062 | D:2      | Reached skill level 6 in Axes
  1298 | D:2      | Reached XP level 4. HP: 38/39 MP: 4/4
  1895 | D:3      | Reached skill level 7 in Axes
  1897 | D:3      | Noticed soark's ghost (amateur DECj)
  1901 | D:3      | Found a runed translucent door.
  1956 | D:3      | Noticed an ice beast
  1968 | D:3      | Killed an ice beast
  1969 | D:3      | Reached skill level 8 in Axes
  1969 | D:3      | Reached XP level 5. HP: 7/45 MP: 5/5
  2465 | D:3      | Noticed a +0 dagger
  2465 | D:3      | Noticed a +0 falchion
  2465 | D:3      | Noticed a +0 short sword
  2465 | D:3      | Noticed a +0 spear
  2465 | D:3      | Noticed a +0 falchion
  2467 | D:3      | Noticed a +0 spear
  2505 | D:3      | Found a stormy altar of Qazlal.
  2656 | D:3      | Noticed a +0 dagger
  2658 | D:3      | Noticed a +0 short sword
  2659 | D:3      | Found a hide-covered altar of Uskayaw.
  2789 | D:3      | Killed soark's ghost
  2790 | D:3      | Reached XP level 6. HP: 51/51 MP: 6/6
  2894 | D:4      | Reached skill level 9 in Axes
  3273 | D:4      | Became a worshipper of Beogh the Brigand
  3273 | D:4      | Reached * piety under Beogh
  3273 | D:4      | Reached ** piety under Beogh
  3580 | D:5      | Entered Level 5 of the Dungeon
  3642 | D:5      | Reached skill level 10 in Axes
  3642 | D:5      | Reached XP level 7. HP: 40/57 MP: 7/7
  4061 | D:5      | Noticed a steam dragon
  4081 | D:5      | Killed a steam dragon
  4082 | D:5      | Reached skill level 11 in Axes
  4514 | D:5      | Found a radiant altar of Vehumet.
  4567 | D:5      | Noticed Edmund
  4567 | D:5      | Noticed Sigmund
  4572 | D:5      | Killed Sigmund
  4573 | D:5      | Reached skill level 12 in Axes
  4573 | D:5      | Reached XP level 8. HP: 54/64 MP: 8/8
  4588 | D:5      | Killed Edmund
  4876 | D:6      | Found a snail-covered altar of Cheibriados.
  4892 | D:6      | Reached skill level 13 in Axes
  5072 | D:6      | Found a broken altar of Ashenzari.
  5076 | D:6      | Found a shimmering altar of Xom.
  5086 | D:6      | Reached skill level 14 in Axes
  5090 | D:6      | HP: 1/63 [wight/+0 great sword (8)]
  5090 | D:6      | Slain by a wight

Illustrated notes

Levels and vault maps discovered:
D:1:      tarquinn_simple_flora_water_e, layout_basic, minmay_quantized
D:2:      kennysheep_big_flooded_room, layout_loops_cross
D:3:      layout_loops_ring, mainiacjoe_overflow_six_doors_small,
          nicolae_uskayaw_en_pointe, hellmonk_ghost_happy_afterlife
D:4:      layout_rooms
D:5:      layout_basic, marbit_many_paths, sigmund_edmund_badplayer
D:6:      layout_basic, ashenzari_altar_1, mainiacjoe_overflow_catwalk_spiral,
          uniq_pikel, uniq_menkaure

Skill      XL: |  1  2  3  4  5  6  7  8 |
---------------+-------------------------+-----
Axes           | 5 6 8 10 12 14 | 14.0
Fighting       | |  3.6
Dodging        | |  2.4
Stealth        | |  1.5

Action                   |  1- 3 |  4- 6 |  7- 9 || total
-------------------------+-------+-------+-------++-------
Melee: Hand axe          |   102 |    33 |       ||   135
       Long sword        |       |    49 |       ||    49
       Punch             |       |     1 |     1 ||     2
       Whip              |       |    80 |   133 ||   213
Invok: Convert to Beogh  |       |     1 |       ||     1
  Use: Scroll            |     4 |     7 |     4 ||    15
 Stab: Sleeping          |     1 |       |       ||     1
Armor: Chain mail        |    72 |    87 |    58 ||   217
       Robe              |     1 |       |       ||     1
Dodge: Dodged            |    37 |    62 |    35 ||   134

Table legend: (Time is in decaauts)
 A = Elapsed time spent in this place.
 B = Non-inter-level travel time spent in this place.
 C = Inter-level travel time spent in this place.
 D = Time resting spent in this place.
 E = Time spent auto-exploring this place.
 F = Levels seen in this place.
 G = Mean time per level.
                   A        B        C        D        E       F      G
               +--------+--------+--------+--------+--------+-----+--------+
         Total |   5071 |   4871 |    200 |   1206 |   2911 |   6 |  845.2 |
       Dungeon |   5071 |   4871 |    200 |   1206 |   2911 |   6 |  845.2 |
               +--------+--------+--------+--------+--------+-----+--------+

Top non-repeatable levels by time:
     D:5: 1238 daAuts
     D:3: 1103 daAuts
     D:1: 1038 daAuts
     D:2: 749 daAuts
     D:4: 699 daAuts
     D:6: 241 daAuts
